Jets vs Bruins
Created - 23 novembre 2014 at 19:02
Goals
|
| Jets |
1 |
1 |
3 |
5 |
| Bruins |
0 |
1 |
2 |
3 |
|
Shots
|
| Jets |
18 |
5 |
9 |
32 |
| Bruins |
15 |
3 |
7 |
25 |
|
1st period
1. Jets , Jussi Jokinen 6 (Mikko Koivu) at 12:14
Penalties :
No Penalty
2nd period
2. Jets , Fredrik Sjostrom 9 (Greg Campbell, Marek Zidlicky) at 1:03
3. Bruins , Dave Bolland 3 (Christoph Schubert, Dainius Zubrus) at 13:25
Penalties :
Matt Cooke (Bos) for Holding (Minor) at 5:58, Scottie Upshall (Bos) for Hooking (Minor) at 14:28
3rd period
4. Jets , Benoit Pouliot 14 (Dustin Brown, Mark Streit) at 1:31
5. Bruins , Eric Lindros 11 (Wojtek Wolski, Vitali Yachmenev) at 4:58
6. Jets , Benoit Pouliot 15 (Derek Roy) at 6:50
7. Bruins , Victor Oreskovich 3 (Sydney Crosby, Viktor Stalberg) at 12:26
8. Jets , Jussi Jokinen 7 (Mikko Koivu, Michal Rozsival) at 13:47 (PP)
Penalties :
Victor Oreskovich (Bos) for Holding (Minor) at 7:18, Matt Cooke (Bos) for Hooking (Minor) at 13:11, Sydney Crosby (Bos) for Hooking (Minor) at 14:17, Viktor Stalberg (Bos) for Holding (Minor) at 17:43
Goalie Stats
Ilya Bryzgalov (Win), 22 saves from 25 shots - (0,880), W, 6-5-0, 60:00 minutes
Evgeni Nabokov (Bos), 27 saves from 32 shots - (0,844), L, 8-12-2, 60:00 minutes
Players Stats for Jets
Player Name G A P +/- PIM S H SB GA TA FO MP PP MP PK MP
------------------------------------------------------------------------------------
Adam Burish 0 0 0 1 0 0 1 0 0 0 0/1 15:21 4:26 0:00
Ales Kotalik 0 0 0 0 0 1 2 0 0 0 2/2 13:08 0:00 0:00
Benoit Pouliot 2 0 2 0 0 6 2 1 4 0 2/3 22:07 6:05 0:00
Colin White 0 0 0 -1 0 0 0 0 0 0 0/0 16:33 1:34 0:00
Darroll Powe 0 0 0 0 0 1 0 0 1 0 2/4 9:29 0:00 0:00
Derek Roy 0 1 1 0 0 0 3 1 0 0 21/34 22:07 6:05 0:00
Dustin Brown 0 1 1 0 0 3 1 0 0 1 1/1 22:07 6:05 0:00
Eric Fehr 0 0 0 0 0 1 3 0 0 0 1/1 9:29 0:00 0:00
Fredrik Sjostrom 1 0 1 0 0 2 2 0 0 0 0/0 12:55 0:00 0:00
Greg Campbell 0 1 1 0 0 1 3 0 0 0 7/12 13:06 0:00 0:00
Jussi Jokinen 2 0 2 1 0 6 2 0 0 0 0/1 15:23 4:26 0:00
Marek Zidlicky 0 1 1 2 0 1 1 3 2 2 0/0 23:59 3:23 0:00
Mark Streit 0 1 1 0 0 2 0 2 2 2 0/0 20:26 6:32 0:00
Michal Rozsival 0 1 1 1 0 3 3 2 4 0 0/0 29:33 5:34 0:00
Mikko Koivu 0 2 2 1 0 2 1 1 0 0 3/8 15:19 4:26 0:00
Niklas Hjalmarsson 0 0 0 0 0 1 0 1 0 0 0/0 15:43 3:59 0:00
Tom Preissing 0 0 0 0 0 0 0 1 0 1 0/0 13:46 0:00 0:00
Tuomo Ruutu 0 0 0 0 0 2 0 0 0 0 0/0 9:29 0:00 0:00
Players Stats for Bruins
Player Name G A P +/- PIM S H SB GA TA FO MP PP MP PK MP
------------------------------------------------------------------------------------
Andrei Markov 0 0 0 -1 0 0 1 1 0 2 0/0 20:29 0:00 6:34
Andrew Alberts 0 0 0 1 0 0 1 5 1 3 0/0 27:34 0:00 6:10
Blair Betts 0 0 0 0 0 0 0 0 0 0 4/6 8:31 0:00 0:48
Christoph Schubert 0 1 1 -1 0 0 0 0 0 2 0/0 11:31 0:00 0:24
Dainius Zubrus 0 1 1 0 0 0 1 0 0 0 1/2 13:37 0:00 2:31
Dave Bolland 1 0 1 0 0 2 3 0 0 0 5/8 10:18 0:00 0:00
Eric Lindros 1 0 1 -1 0 4 3 0 2 2 11/30 20:38 0:00 2:43
Jason Demers 0 0 0 -1 0 0 0 1 0 1 0/0 15:51 0:00 0:00
Mark Stuart 0 0 0 1 0 5 2 1 0 0 0/0 23:40 0:00 3:57
Martin Erat 0 0 0 0 0 1 3 0 0 0 0/0 7:41 0:00 0:00
Matt Cooke 0 0 0 0 4 1 0 1 1 0 0/0 12:32 0:00 4:10
Ryan O'Byrne 0 0 0 -1 0 0 1 0 0 1 0/0 20:55 0:00 3:57
Scottie Upshall 0 0 0 0 2 1 1 0 0 0 0/1 12:04 0:00 1:40
Sydney Crosby 0 1 1 0 2 3 1 1 0 0 3/12 12:49 0:00 0:00
Victor Oreskovich 1 0 1 0 2 2 1 0 0 0 0/0 13:20 0:00 0:00
Viktor Stalberg 0 1 1 0 2 1 2 0 0 0 0/0 14:06 0:00 1:02
Vitali Yachmenev 0 1 1 -1 0 1 2 0 0 1 1/2 20:35 0:00 2:43
Wojtek Wolski 0 1 1 -1 0 4 3 1 2 1 3/6 23:12 0:00 5:25
3 Stars
1 - Jussi Jokinen (Win)
2 - Benoit Pouliot (Win)
3 - Mikko Koivu (Win)
Power Play
Jets - 1 on 6 Attempt(s) - 16,67%
Bruins - 0 on 0 Attempt(s) - 0,00%
Penalty Kill
Jets - 0 on 0 Attempt(s) - 0,00%
- Score 0 goal in Penalty Kill
Bruins - 5 on 6 Attempt(s) - 83,33%
- Score 0 goal in Penalty Kill
Official
Referees : VanMassenhoven Don and Walkom Stephen
Linesman : Don Henderson and Greg Devorski
Game Notes
No Game Note
Finance
Level 1 -- Attendance: 4332 (72,20%) -- Ticket Income 428 868 $
Level 2 -- Attendance: 3847 (76,94%) -- Ticket Income 226 973 $
Level 3 -- Attendance: 1842 (92,10%) -- Ticket Income 53 418 $
Level 4 -- Attendance: 3914 (97,85%) -- Ticket Income 74 366 $
Luxury Box -- Attendance: 782 (78,20%) -- Ticket Income 147 798 $
Game was played at the TD Banknorth Garden
Total Attendance: 14717 (81,76%)
Total Ticket Income: 931 423 $
Other Income: 139 713 $
Total Income: 1 071 136 $
Jets
5 vs 5 Forward
Center Left Wing Right Wing Time % Phy DF OF
1 Derek Roy Benoit Pouliot Dustin Brown 39 1 2 2
2 Mikko Koivu Jussi Jokinen Adam Burish 28 1 2 2
3 Greg Campbell Fredrik Sjostrom Ales Kotalik 23 1 2 2
4 Darroll Powe Tuomo Ruutu Eric Fehr 10 1 2 2
5 vs 5 Defense
Defense Defense Time % Phy DF OF
1 Michal Rozsival Marek Zidlicky 40 1 2 2
2 Mark Streit Tom Preissing 30 1 2 2
3 Niklas Hjalmarsson Colin White 20 1 2 2
4 Michal Rozsival Colin White 10 1 2 2
PowerPlay Forward
Center Left Wing Right Wing Time % Phy DF OF
1 Derek Roy Benoit Pouliot Dustin Brown 60 1 1 3
2 Mikko Koivu Jussi Jokinen Adam Burish 40 1 1 3
PowerPlay Defense
Defense Defense Time % Phy DF OF
1 Michal Rozsival Mark Streit 60 1 1 3
2 Niklas Hjalmarsson Marek Zidlicky 40 1 1 3
Penalty Kill 4 Players Forward
Center Wing Time % Phy DF OF
1 Derek Roy Adam Burish 60 1 3 1
2 Greg Campbell Ales Kotalik 40 1 3 1
Penalty Kill 4 Players Defense
Defense Defense Time % Phy DF OF
1 Mark Streit Michal Rozsival 60 1 4 0
2 Marek Zidlicky Tom Preissing 40 1 4 0
Penalty Kill - 3 Players Forward
Forward Time % Phy DF OF
1 Derek Roy 60 0 4 1
2 Greg Campbell 40 0 4 1
Penalty Kill - 3 Players Defense
Defense Defense Time % Phy DF OF
1 Mark Streit Michal Rozsival 60 1 4 0
2 Tom Preissing Marek Zidlicky 40 1 4 0
4 vs 4 Forward
Center Wing Time % Phy DF OF
1 Derek Roy Benoit Pouliot 60 1 2 2
2 Mikko Koivu Dustin Brown 40 1 2 2
4 vs 4 Defense
Defense Defense Time % Phy DF OF
1 Tom Preissing Michal Rozsival 60 1 2 2
2 Mark Streit Marek Zidlicky 40 1 2 2
Last Minutes Offensive
Center Left Wing Right Wing Defense Defense
Derek Roy Benoit Pouliot Dustin Brown Mark Streit Michal Rozsival
Last Minutes Defensive
Center Left Wing Right Wing Defense Defense
Greg Campbell Jussi Jokinen Ales Kotalik Mark Streit Michal Rozsival
Goaltenders
Starting : Ilya Bryzgalov
Backup : Maxime Daigneault
Extra Forwards
Normal : Greg Campbell, Ales Kotalik, Fredrik Sjostrom - PP : Greg Campbell, Ales Kotalik - PK : Fredrik Sjostrom
Extra Defensemen
Normal : Tom Preissing, Mark Streit, Marek Zidlicky - PP : Mark Streit - PK : Marek Zidlicky, Mark Streit
Penalty Shots
Benoit Pouliot, Derek Roy, Mikko Koivu, Ales Kotalik, Adam Burish
Bruins
5 vs 5 Forward
Center Left Wing Right Wing Time % Phy DF OF
1 Eric Lindros Wojtek Wolski Vitali Yachmenev 40 0 2 3
2 Sydney Crosby Viktor Stalberg Victor Oreskovich 30 0 2 3
3 Dave Bolland Scottie Upshall Dainius Zubrus 20 1 2 2
4 Blair Betts Matt Cooke Martin Erat 10 1 2 2
5 vs 5 Defense
Defense Defense Time % Phy DF OF
1 Andrew Alberts Mark Stuart 40 0 2 3
2 Ryan O'Byrne Jason Demers 30 1 2 2
3 Andrei Markov Christoph Schubert 20 1 2 2
4 Andrew Alberts Andrei Markov 10 1 2 2
PowerPlay Forward
Center Left Wing Right Wing Time % Phy DF OF
1 Eric Lindros Wojtek Wolski Victor Oreskovich 60 0 1 4
2 Sydney Crosby Scottie Upshall Vitali Yachmenev 40 0 1 4
PowerPlay Defense
Defense Defense Time % Phy DF OF
1 Andrew Alberts Andrei Markov 60 0 1 4
2 Jason Demers Mark Stuart 40 0 1 4
Penalty Kill 4 Players Forward
Center Wing Time % Phy DF OF
1 Wojtek Wolski Matt Cooke 60 1 3 1
2 Eric Lindros Vitali Yachmenev 40 1 3 1
Penalty Kill 4 Players Defense
Defense Defense Time % Phy DF OF
1 Andrew Alberts Andrei Markov 60 1 4 0
2 Ryan O'Byrne Mark Stuart 40 1 4 0
Penalty Kill - 3 Players Forward
Forward Time % Phy DF OF
1 Wojtek Wolski 60 0 4 1
2 Vitali Yachmenev 40 0 4 1
Penalty Kill - 3 Players Defense
Defense Defense Time % Phy DF OF
1 Andrew Alberts Andrei Markov 60 1 4 0
2 Ryan O'Byrne Mark Stuart 40 1 4 0
4 vs 4 Forward
Center Wing Time % Phy DF OF
1 Eric Lindros Wojtek Wolski 60 1 2 2
2 Sydney Crosby Viktor Stalberg 40 1 2 2
4 vs 4 Defense
Defense Defense Time % Phy DF OF
1 Andrew Alberts Andrei Markov 60 1 2 2
2 Ryan O'Byrne Mark Stuart 40 1 2 2
Last Minutes Offensive
Center Left Wing Right Wing Defense Defense
Eric Lindros Wojtek Wolski Victor Oreskovich Andrew Alberts Andrei Markov
Last Minutes Defensive
Center Left Wing Right Wing Defense Defense
Eric Lindros Wojtek Wolski Victor Oreskovich Andrew Alberts Andrei Markov
Goaltenders
Starting : Evgeni Nabokov
Backup : Karri Ramo
Extra Forwards
Normal : Viktor Stalberg, Matt Cooke, Dainius Zubrus - PP : Viktor Stalberg, Matt Cooke - PK : Dainius Zubrus
Extra Defensemen
Normal : Jason Demers, Christoph Schubert, Ryan O'Byrne - PP : Jason Demers - PK : Christoph Schubert, Ryan O'Byrne
Penalty Shots
Wojtek Wolski, Eric Lindros, Sydney Crosby, Scottie Upshall, Viktor Stalberg
% Time on Ice - Jets
Lines # - Real PCT - Wanted PCT - Time Play
Normal Forward
1 - 33% - 39% - 16:19
2 - 22% - 28% - 11:06
3 - 25% - 23% - 12:35
4 - 19% - 10% - 9:29
Normal Defense
1 - 41% - 40% - 20:15
2 - 29% - 30% - 14:29
3 - 22% - 20% - 11:01
4 - 8% - 10% - 3:44
PP Forward
1 - 58% - 60% - 6:05
2 - 42% - 40% - 4:26
PP Defense
1 - 62% - 60% - 6:32
2 - 38% - 40% - 3:59
PK Forward
1 - 0% - 60%
2 - 0% - 40%
PK Defense
1 - 0% - 60%
2 - 0% - 40%
PK3 Forward
1 - 0% - 60%
2 - 0% - 40%
PK3 Defense
1 - 0% - 60%
2 - 0% - 40%
44 Forward
1 - 0% - 60%
2 - 0% - 40%
44 Defense
1 - 0% - 60%
2 - 0% - 40%
Last Minute Offensive - 0:00
Last Minute Defensive - 0:00
Total
Forward - 60:00
Defense - 60:00
|
% Time on Ice - Bruins
Lines # - Real PCT - Wanted PCT - Time Play
Normal Forward
1 - 38% - 40% - 18:45
2 - 26% - 30% - 12:45
3 - 21% - 20% - 10:18
4 - 16% - 10% - 7:41
Normal Defense
1 - 39% - 40% - 19:07
2 - 34% - 30% - 16:58
3 - 20% - 20% - 9:52
4 - 7% - 10% - 3:32
PP Forward
1 - 0% - 60%
2 - 0% - 40%
PP Defense
1 - 0% - 60%
2 - 0% - 40%
PK Forward
1 - 74% - 60% - 7:48
2 - 26% - 40% - 2:43
PK Defense
1 - 62% - 60% - 6:34
2 - 38% - 40% - 3:57
PK3 Forward
1 - 0% - 60%
2 - 0% - 40%
PK3 Defense
1 - 0% - 60%
2 - 0% - 40%
44 Forward
1 - 0% - 60%
2 - 0% - 40%
44 Defense
1 - 0% - 60%
2 - 0% - 40%
Last Minute Offensive - 0:00
Last Minute Defensive - 0:00
Total
Forward - 60:00
Defense - 60:00
|
Play by Play
1st period
0:01 of 1st period - Derek Roy wins face-off versus Eric Lindros in neutral zone.
0:08 of 1st period - Dustin Brown is hit by Eric Lindros and loses puck.
0:33 of 1st period - Off-side.
0:34 of 1st period - Greg Campbell wins face-off versus Sydney Crosby in neutral zone.
0:37 of 1st period - Slapshot by Mark Streit.
0:37 of 1st period - Stopped by Evgeni Nabokov without a rebound.
0:38 of 1st period - Mikko Koivu wins face-off versus Scottie Upshall in Bruins zone.
0:39 of 1st period - Wrist shot by Jussi Jokinen.
0:39 of 1st period - Stopped by Evgeni Nabokov with a rebound.
1:57 of 1st period - Slapshot by Wojtek Wolski.
1:57 of 1st period - Stopped by Ilya Bryzgalov without a rebound.
1:58 of 1st period - Greg Campbell wins face-off versus Eric Lindros in Jets zone.
2:28 of 1st period - Snap shot by Jussi Jokinen.
2:28 of 1st period - Stopped by Evgeni Nabokov without a rebound.
2:29 of 1st period - Sydney Crosby wins face-off versus Mikko Koivu in Bruins zone.
3:01 of 1st period - Wrist shot by Mikko Koivu.
3:01 of 1st period - Shot Blocked by Jason Demers.
3:11 of 1st period - Wrist shot by Viktor Stalberg.
3:11 of 1st period - Stopped by Ilya Bryzgalov with a rebound.
3:13 of 1st period - Snap shot by Sydney Crosby.
3:13 of 1st period - Stopped by Ilya Bryzgalov with a rebound.
3:15 of 1st period - Wrist shot by Sydney Crosby.
3:15 of 1st period - Stopped by Ilya Bryzgalov without a rebound.
3:16 of 1st period - Derek Roy wins face-off versus Eric Lindros in Jets zone.
3:47 of 1st period - Slapshot by Greg Campbell.
3:47 of 1st period - Deflect By Fredrik Sjostrom.
3:47 of 1st period - Shot Blocked by Mark Stuart.
3:47 of 1st period - Puck is out of play.
3:48 of 1st period - Derek Roy wins face-off versus Blair Betts in Bruins zone.
4:23 of 1st period - Wrist shot by Darroll Powe.
4:23 of 1st period - Shot Misses the Net.
4:25 of 1st period - Wrist shot by Tuomo Ruutu.
4:25 of 1st period - Shot Blocked by Wojtek Wolski.
4:35 of 1st period - Slapshot by Mikko Koivu.
4:35 of 1st period - Stopped by Evgeni Nabokov without a rebound.
4:36 of 1st period - Dave Bolland wins face-off versus Mikko Koivu in Bruins zone.
4:36 of 1st period - Dave Bolland is hit by Jussi Jokinen.
5:02 of 1st period - Dustin Brown is hit by Mark Stuart and loses puck.
5:07 of 1st period - Wrist shot by Sydney Crosby.
5:07 of 1st period - Stopped by Ilya Bryzgalov without a rebound.
5:08 of 1st period - Dustin Brown wins face-off versus Sydney Crosby in Jets zone.
5:58 of 1st period - Michal Rozsival is hit by Sydney Crosby and loses puck.
6:43 of 1st period - Wrist shot by Benoit Pouliot.
6:43 of 1st period - Stopped by Evgeni Nabokov without a rebound.
6:44 of 1st period - Eric Lindros wins face-off versus Greg Campbell in Bruins zone.
6:44 of 1st period - Eric Lindros is hit by Greg Campbell.
6:53 of 1st period - Off-side.
6:54 of 1st period - Greg Campbell wins face-off versus Eric Lindros in neutral zone.
7:15 of 1st period - Wrist shot by Ales Kotalik.
7:15 of 1st period - Stopped by Evgeni Nabokov with a rebound.
7:17 of 1st period - Snap shot by Greg Campbell.
7:17 of 1st period - Stopped by Evgeni Nabokov without a rebound.
7:18 of 1st period - Dave Bolland wins face-off versus Derek Roy in Bruins zone.
7:22 of 1st period - Icing by Dainius Zubrus.
7:23 of 1st period - Derek Roy wins face-off versus Dave Bolland in Bruins zone.
7:34 of 1st period - Wrist shot by Dainius Zubrus.
7:34 of 1st period - Shot Misses the Net.
7:54 of 1st period - Slapshot by Wojtek Wolski.
7:54 of 1st period - Stopped by Ilya Bryzgalov without a rebound.
7:55 of 1st period - Eric Lindros wins face-off versus Derek Roy in Jets zone.
8:08 of 1st period - Snap shot by Dustin Brown.
8:08 of 1st period - Stopped by Evgeni Nabokov without a rebound.
8:09 of 1st period - Eric Lindros wins face-off versus Darroll Powe in Bruins zone.
8:45 of 1st period - Snap shot by Jussi Jokinen.
8:45 of 1st period - Stopped by Evgeni Nabokov with a rebound.
8:47 of 1st period - Slapshot by Marek Zidlicky.
8:47 of 1st period - Stopped by Evgeni Nabokov with a rebound.
8:56 of 1st period - Off-side.
8:57 of 1st period - Blair Betts wins face-off versus Derek Roy in neutral zone.
9:10 of 1st period - Slapshot by Martin Erat.
9:10 of 1st period - Stopped by Ilya Bryzgalov without a rebound.
9:11 of 1st period - Dave Bolland wins face-off versus Greg Campbell in Jets zone.
9:18 of 1st period - Snap shot by Dave Bolland.
9:18 of 1st period - Shot Hit the Post.
9:20 of 1st period - Slapshot by Mark Stuart.
9:20 of 1st period - Stopped by Ilya Bryzgalov with a rebound.
9:22 of 1st period - Slapshot by Mark Stuart.
9:22 of 1st period - Stopped by Ilya Bryzgalov with a rebound.
9:40 of 1st period - Wojtek Wolski is hit by Dustin Brown and loses puck.
10:23 of 1st period - Slapshot by Michal Rozsival.
10:23 of 1st period - Stopped by Evgeni Nabokov with a rebound.
10:29 of 1st period - Snap shot by Tuomo Ruutu.
10:29 of 1st period - Stopped by Evgeni Nabokov without a rebound.
10:30 of 1st period - Eric Lindros wins face-off versus Derek Roy in Bruins zone.
10:30 of 1st period - Eric Lindros is hit by Benoit Pouliot.
10:36 of 1st period - Dustin Brown is hit by Wojtek Wolski and loses puck.
10:41 of 1st period - Wrist shot by Eric Lindros.
10:41 of 1st period - Stopped by Ilya Bryzgalov without a rebound.
10:42 of 1st period - Greg Campbell wins face-off versus Eric Lindros in Jets zone.
11:24 of 1st period - Wrist shot by Fredrik Sjostrom.
11:24 of 1st period - Stopped by Evgeni Nabokov with a rebound.
11:26 of 1st period - Slapshot by Niklas Hjalmarsson.
11:26 of 1st period - Stopped by Evgeni Nabokov without a rebound.
11:27 of 1st period - Derek Roy wins face-off versus Eric Lindros in Bruins zone.
11:53 of 1st period - Tom Preissing is hit by Scottie Upshall and loses puck.
11:58 of 1st period - Slapshot by Dave Bolland.
11:58 of 1st period - Stopped by Ilya Bryzgalov without a rebound.
11:59 of 1st period - Dave Bolland wins face-off versus Mikko Koivu in Jets zone.
12:14 of 1st period - Snap shot by Jussi Jokinen.
12:14 of 1st period - Goal by Jussi Jokinen - Jets : 1 - Bruins : 0.
12:15 of 1st period - Eric Lindros wins face-off versus Derek Roy in neutral zone.
12:19 of 1st period - Off-side.
12:20 of 1st period - Derek Roy wins face-off versus Eric Lindros in neutral zone.
12:27 of 1st period - Slapshot by Eric Lindros.
12:27 of 1st period - Shot Blocked by Marek Zidlicky.
12:29 of 1st period - Slapshot by Mark Stuart.
12:29 of 1st period - Deflect By Michal Rozsival.
12:29 of 1st period - Stopped by Ilya Bryzgalov with a rebound.
12:31 of 1st period - Snap shot by Vitali Yachmenev.
12:31 of 1st period - Shot Blocked by Derek Roy.
12:33 of 1st period - Snap shot by Mark Stuart.
12:33 of 1st period - Stopped by Ilya Bryzgalov with a rebound.
12:35 of 1st period - Wrist shot by Wojtek Wolski.
12:35 of 1st period - Shot Blocked by Marek Zidlicky.
13:08 of 1st period - Off-side.
13:09 of 1st period - Eric Fehr wins face-off versus Dave Bolland in neutral zone.
13:24 of 1st period - Wrist shot by Darroll Powe.
13:24 of 1st period - Stopped by Evgeni Nabokov without a rebound.
13:25 of 1st period - Derek Roy wins face-off versus Eric Lindros in Bruins zone.
13:34 of 1st period - Snap shot by Vitali Yachmenev.
13:34 of 1st period - Shot Misses the Net.
13:58 of 1st period - Off-side.
13:59 of 1st period - Greg Campbell wins face-off versus Wojtek Wolski in neutral zone.
14:24 of 1st period - Derek Roy is hit by Dave Bolland and loses puck.
15:03 of 1st period - Snap shot by Dainius Zubrus.
15:03 of 1st period - Shot Misses the Net.
15:29 of 1st period - Slapshot by Michal Rozsival.
15:29 of 1st period - Stopped by Evgeni Nabokov with a rebound.
15:42 of 1st period - Off-side.
15:43 of 1st period - Derek Roy wins face-off versus Vitali Yachmenev in neutral zone.
15:56 of 1st period - Wrist shot by Wojtek Wolski.
15:56 of 1st period - Shot Blocked by Tom Preissing.
15:58 of 1st period - Slapshot by Jason Demers.
15:58 of 1st period - Shot Misses the Net.
16:30 of 1st period - Off-side.
16:31 of 1st period - Greg Campbell wins face-off versus Blair Betts in neutral zone.
16:37 of 1st period - Icing by Mark Stuart.
16:38 of 1st period - Blair Betts wins face-off versus Derek Roy in Bruins zone.
16:58 of 1st period - Slapshot by Matt Cooke.
16:58 of 1st period - Shot Misses the Net.
17:00 of 1st period - Snap shot by Matt Cooke.
17:00 of 1st period - Shot Blocked by Mark Streit.
17:02 of 1st period - Slapshot by Mark Stuart.
17:02 of 1st period - Stopped by Ilya Bryzgalov without a rebound.
17:03 of 1st period - Eric Lindros wins face-off versus Jussi Jokinen in Jets zone.
17:10 of 1st period - Slapshot by Wojtek Wolski.
17:10 of 1st period - Shot Blocked by Mikko Koivu.
17:12 of 1st period - Slapshot by Ryan O'Byrne.
17:12 of 1st period - Shot Blocked by Michal Rozsival.
17:14 of 1st period - Snap shot by Vitali Yachmenev.
17:14 of 1st period - Stopped by Ilya Bryzgalov with a rebound.
17:58 of 1st period - Snap shot by Benoit Pouliot.
17:58 of 1st period - Stopped by Evgeni Nabokov with a rebound.
18:00 of 1st period - Wrist shot by Dustin Brown.
18:00 of 1st period - Shot Blocked by Andrew Alberts.
18:16 of 1st period - Tom Preissing is hit by Vitali Yachmenev and loses puck.
18:35 of 1st period - Snap shot by Scottie Upshall.
18:35 of 1st period - Shot Misses the Net.
Goals for this period are 1 for Jets vs 0 for Bruins.
Shots for this period are 18 for Jets vs 15 for Bruins.
2nd period
0:01 of 2nd period - Derek Roy wins face-off versus Eric Lindros in neutral zone.
0:32 of 2nd period - Snap shot by Blair Betts.
0:32 of 2nd period - Shot Blocked by Benoit Pouliot.
0:34 of 2nd period - Snap shot by Blair Betts.
0:34 of 2nd period - Shot Blocked by Marek Zidlicky.
0:36 of 2nd period - Slapshot by Jason Demers.
0:36 of 2nd period - Shot Misses the Net.
0:38 of 2nd period - Snap shot by Ryan O'Byrne.
0:38 of 2nd period - Deflect By Martin Erat.
0:38 of 2nd period - Shot Blocked by Michal Rozsival.
0:38 of 2nd period - Puck is out of play.
0:39 of 2nd period - Eric Lindros wins face-off versus Mikko Koivu in Jets zone.
0:52 of 2nd period - Backhand shot by Eric Lindros.
0:52 of 2nd period - Stopped by Ilya Bryzgalov without a rebound.
0:53 of 2nd period - Eric Lindros wins face-off versus Greg Campbell in Jets zone.
0:56 of 2nd period - Slapshot by Eric Lindros.
0:56 of 2nd period - Stopped by Ilya Bryzgalov without a rebound.
0:57 of 2nd period - Ales Kotalik wins face-off versus Eric Lindros in Jets zone.
0:57 of 2nd period - Ales Kotalik is hit by Vitali Yachmenev.
1:03 of 2nd period - Wrist shot by Fredrik Sjostrom.
1:03 of 2nd period - Goal by Fredrik Sjostrom - Jets : 2 - Bruins : 0.
1:04 of 2nd period - Derek Roy wins face-off versus Eric Lindros in neutral zone.
1:21 of 2nd period - Dustin Brown is hit by Eric Lindros and loses puck.
1:36 of 2nd period - Snap shot by Mikko Koivu.
1:36 of 2nd period - Deflect By Jussi Jokinen.
1:36 of 2nd period - Stopped by Evgeni Nabokov with a rebound.
1:38 of 2nd period - Slapshot by Michal Rozsival.
1:38 of 2nd period - Deflect By Victor Oreskovich.
1:38 of 2nd period - Stopped by Evgeni Nabokov with a rebound.
1:40 of 2nd period - Snap shot by Jussi Jokinen.
1:40 of 2nd period - Shot Misses the Net.
2:29 of 2nd period - Wrist shot by Fredrik Sjostrom.
2:29 of 2nd period - Shot Misses the Net.
2:47 of 2nd period - Wrist shot by Benoit Pouliot.
2:47 of 2nd period - Stopped by Evgeni Nabokov without a rebound.
2:48 of 2nd period - Benoit Pouliot wins face-off versus Eric Lindros in Bruins zone.
3:37 of 2nd period - Niklas Hjalmarsson is hit by Martin Erat.
3:43 of 2nd period - Wrist shot by Matt Cooke.
3:43 of 2nd period - Shot Blocked by Niklas Hjalmarsson.
3:59 of 2nd period - Adam Burish is hit by Viktor Stalberg and loses puck.
4:53 of 2nd period - Snap shot by Wojtek Wolski.
4:53 of 2nd period - Shot Misses the Net.
5:27 of 2nd period - Slapshot by Tuomo Ruutu.
5:27 of 2nd period - Shot Misses the Net.
5:29 of 2nd period - Slapshot by Marek Zidlicky.
5:29 of 2nd period - Shot Blocked by Andrew Alberts.
5:31 of 2nd period - Slapshot by Darroll Powe.
5:31 of 2nd period - Shot Blocked by Matt Cooke.
5:58 of 2nd period - Minor Penalty to Matt Cooke for Holding.
5:59 of 2nd period - Derek Roy wins face-off versus Wojtek Wolski in Bruins zone.
6:03 of 2nd period - Wrist shot by Benoit Pouliot.
6:03 of 2nd period - Shot Misses the Net.
6:15 of 2nd period - Snap shot by Dustin Brown.
6:15 of 2nd period - Shot Blocked by Andrew Alberts.
7:58 of 2nd period - Penalty to Matt Cooke is over, Matt Cooke is back on ice.
8:25 of 2nd period - Andrei Markov is hit by Eric Fehr and loses puck.
8:33 of 2nd period - Icing by Andrei Markov.
8:34 of 2nd period - Blair Betts wins face-off versus Greg Campbell in Bruins zone.
8:46 of 2nd period - Tom Preissing is hit by Eric Lindros and loses puck.
9:05 of 2nd period - Wrist shot by Mikko Koivu.
9:05 of 2nd period - Stopped by Evgeni Nabokov with a rebound.
9:25 of 2nd period - Viktor Stalberg is hit by Michal Rozsival and loses puck.
11:12 of 2nd period - Snap shot by Wojtek Wolski.
11:12 of 2nd period - Shot Misses the Net.
11:24 of 2nd period - Adam Burish is hit by Martin Erat and loses puck.
12:30 of 2nd period - Icing by Andrei Markov.
12:31 of 2nd period - Mikko Koivu wins face-off versus Sydney Crosby in Bruins zone.
13:04 of 2nd period - Andrei Markov is hit by Benoit Pouliot and loses puck.
13:23 of 2nd period - Slapshot by Dainius Zubrus.
13:23 of 2nd period - Shot Misses the Net.
13:25 of 2nd period - Slapshot by Christoph Schubert.
13:25 of 2nd period - Deflect By Dave Bolland.
13:25 of 2nd period - Goal by Dave Bolland - Jets : 2 - Bruins : 1.
13:26 of 2nd period - Eric Lindros wins face-off versus Derek Roy in neutral zone.
13:51 of 2nd period - Andrew Alberts is hit by Michal Rozsival and loses puck.
14:28 of 2nd period - Minor Penalty to Scottie Upshall for Hooking.
14:29 of 2nd period - Wojtek Wolski wins face-off versus Benoit Pouliot in Bruins zone.
14:40 of 2nd period - Wojtek Wolski is hit by Derek Roy and loses puck.
15:01 of 2nd period - Andrew Alberts is hit by Michal Rozsival and loses puck.
16:24 of 2nd period - Blair Betts is hit by Marek Zidlicky and loses puck.
16:28 of 2nd period - Penalty to Scottie Upshall is over, Scottie Upshall is back on ice.
16:35 of 2nd period - Andrei Markov is hit by Fredrik Sjostrom and loses puck.
17:19 of 2nd period - Tom Preissing is hit by Martin Erat.
17:59 of 2nd period - Mark Streit is hit by Viktor Stalberg.
18:09 of 2nd period - Ryan O'Byrne is hit by Ales Kotalik and loses puck.
18:42 of 2nd period - Niklas Hjalmarsson is hit by Ryan O'Byrne and loses puck.
19:14 of 2nd period - Off-side.
19:15 of 2nd period - Ales Kotalik wins face-off versus Sydney Crosby in neutral zone.
19:20 of 2nd period - Sydney Crosby is hit by Ales Kotalik and loses puck.
19:41 of 2nd period - Vitali Yachmenev is hit by Derek Roy and loses puck.
Goals for this period are 1 for Jets vs 1 for Bruins.
Shots for this period are 5 for Jets vs 3 for Bruins.
3rd period
0:01 of 3rd period - Derek Roy wins face-off versus Eric Lindros in neutral zone.
0:08 of 3rd period - Derek Roy is hit by Mark Stuart and loses puck.
0:27 of 3rd period - Mark Stuart is hit by Adam Burish and loses puck.
0:32 of 3rd period - Wrist shot by Mikko Koivu.
0:32 of 3rd period - Shot Blocked by Sydney Crosby.
1:13 of 3rd period - Snap shot by Eric Fehr.
1:13 of 3rd period - Shot Misses the Net.
1:31 of 3rd period - Snap shot by Dustin Brown.
1:31 of 3rd period - Deflect By Benoit Pouliot.
1:31 of 3rd period - Goal by Benoit Pouliot - Jets : 3 - Bruins : 1.
1:32 of 3rd period - Derek Roy wins face-off versus Eric Lindros in neutral zone.
1:58 of 3rd period - Sydney Crosby is hit by Mikko Koivu and loses puck.
2:27 of 3rd period - Snap shot by Matt Cooke.
2:27 of 3rd period - Stopped by Ilya Bryzgalov with a rebound.
2:41 of 3rd period - Wrist shot by Scottie Upshall.
2:41 of 3rd period - Stopped by Ilya Bryzgalov without a rebound.
2:42 of 3rd period - Darroll Powe wins face-off versus Dave Bolland in Jets zone.
2:42 of 3rd period - Darroll Powe is hit by Dainius Zubrus.
2:52 of 3rd period - Snap shot by Eric Fehr.
2:52 of 3rd period - Shot Blocked by Andrew Alberts.
3:00 of 3rd period - Eric Fehr is hit by Dave Bolland.
3:03 of 3rd period - Off-side.
3:04 of 3rd period - Eric Lindros wins face-off versus Derek Roy in neutral zone.
3:17 of 3rd period - Wrist shot by Wojtek Wolski.
3:17 of 3rd period - Stopped by Ilya Bryzgalov without a rebound.
3:18 of 3rd period - Eric Lindros wins face-off versus Derek Roy in Jets zone.
3:26 of 3rd period - Icing by Michal Rozsival.
3:27 of 3rd period - Derek Roy wins face-off versus Eric Lindros in Jets zone.
3:32 of 3rd period - Slapshot by Dustin Brown.
3:32 of 3rd period - Shot Misses the Net.
4:30 of 3rd period - Snap shot by Derek Roy.
4:30 of 3rd period - Deflect By Dustin Brown.
4:30 of 3rd period - Stopped by Evgeni Nabokov with a rebound.
4:58 of 3rd period - Slapshot by Wojtek Wolski.
4:58 of 3rd period - Deflect By Eric Lindros.
4:58 of 3rd period - Goal by Eric Lindros - Jets : 3 - Bruins : 2.
4:59 of 3rd period - Sydney Crosby wins face-off versus Mikko Koivu in neutral zone.
5:24 of 3rd period - Mark Streit is hit by Dave Bolland and loses puck.
5:45 of 3rd period - Snap shot by Eric Fehr.
5:45 of 3rd period - Stopped by Evgeni Nabokov with a rebound.
5:49 of 3rd period - Slapshot by Tuomo Ruutu.
5:49 of 3rd period - Stopped by Evgeni Nabokov without a rebound.
5:50 of 3rd period - Darroll Powe wins face-off versus Sydney Crosby in Bruins zone.
6:08 of 3rd period - Tuomo Ruutu is hit by Victor Oreskovich and loses puck.
6:16 of 3rd period - Icing by Niklas Hjalmarsson.
6:17 of 3rd period - Dave Bolland wins face-off versus Adam Burish in Jets zone.
6:20 of 3rd period - Snap shot by Scottie Upshall.
6:20 of 3rd period - Shot Misses the Net.
6:46 of 3rd period - Off-side.
6:47 of 3rd period - Derek Roy wins face-off versus Sydney Crosby in neutral zone.
6:50 of 3rd period - Snap shot by Benoit Pouliot.
6:50 of 3rd period - Goal by Benoit Pouliot - Jets : 4 - Bruins : 2.
6:51 of 3rd period - Derek Roy wins face-off versus Eric Lindros in neutral zone.
6:54 of 3rd period - Vitali Yachmenev is hit by Derek Roy and loses puck.
7:18 of 3rd period - Minor Penalty to Victor Oreskovich for Holding.
7:19 of 3rd period - Wojtek Wolski wins face-off versus Derek Roy in Bruins zone.
7:24 of 3rd period - Slapshot by Andrew Alberts.
7:24 of 3rd period - Shot Blocked by Mark Streit.
7:40 of 3rd period - Dustin Brown is hit by Andrew Alberts and loses puck.
7:58 of 3rd period - Wrist shot by Benoit Pouliot.
7:58 of 3rd period - Shot Misses the Net.
8:00 of 3rd period - Slapshot by Mark Streit.
8:00 of 3rd period - Stopped by Evgeni Nabokov with a rebound.
8:20 of 3rd period - Wrist shot by Dustin Brown.
8:20 of 3rd period - Stopped by Evgeni Nabokov without a rebound.
8:21 of 3rd period - Mikko Koivu wins face-off versus Eric Lindros in Bruins zone.
8:50 of 3rd period - Wojtek Wolski is hit by Jussi Jokinen and loses puck.
9:18 of 3rd period - Penalty to Victor Oreskovich is over, Victor Oreskovich is back on ice.
9:51 of 3rd period - Wrist shot by Victor Oreskovich.
9:51 of 3rd period - Shot Misses the Net.
9:53 of 3rd period - Slapshot by Victor Oreskovich.
9:53 of 3rd period - Stopped by Ilya Bryzgalov without a rebound.
9:54 of 3rd period - Vitali Yachmenev wins face-off versus Greg Campbell in Jets zone.
9:55 of 3rd period - Slapshot by Wojtek Wolski.
9:55 of 3rd period - Shot Misses the Net.
9:57 of 3rd period - Slapshot by Eric Lindros.
9:57 of 3rd period - Deflect By Wojtek Wolski.
9:57 of 3rd period - Shot Hit the Post.
9:57 of 3rd period - Puck is out of play.
9:58 of 3rd period - Greg Campbell wins face-off versus Eric Lindros in Jets zone.
10:17 of 3rd period - Michal Rozsival is hit by Wojtek Wolski and loses puck.
10:50 of 3rd period - Vitali Yachmenev is hit by Greg Campbell and loses puck.
11:40 of 3rd period - Snap shot by Fredrik Sjostrom.
11:40 of 3rd period - Shot Misses the Net.
11:46 of 3rd period - Ryan O'Byrne is hit by Fredrik Sjostrom and loses puck.
11:53 of 3rd period - Vitali Yachmenev is hit by Greg Campbell and loses puck.
12:20 of 3rd period - Snap shot by Wojtek Wolski.
12:20 of 3rd period - Stopped by Ilya Bryzgalov without a rebound.
12:21 of 3rd period - Sydney Crosby wins face-off versus Derek Roy in Jets zone.
12:26 of 3rd period - Slapshot by Victor Oreskovich.
12:26 of 3rd period - Goal by Victor Oreskovich - Jets : 4 - Bruins : 3.
12:27 of 3rd period - Derek Roy wins face-off versus Sydney Crosby in neutral zone.
13:07 of 3rd period - Slapshot by Tom Preissing.
13:07 of 3rd period - Deflect By Jussi Jokinen.
13:07 of 3rd period - Deflect By Andrei Markov.
13:07 of 3rd period - Shot Blocked by Andrei Markov.
13:07 of 3rd period - Puck is out of play.
13:08 of 3rd period - Blair Betts wins face-off versus Darroll Powe in Bruins zone.
13:08 of 3rd period - Blair Betts is hit by Eric Fehr.
13:11 of 3rd period - Minor Penalty to Matt Cooke for Hooking.
13:12 of 3rd period - Dainius Zubrus wins face-off versus Derek Roy in Bruins zone.
13:21 of 3rd period - Off-side.
13:22 of 3rd period - Derek Roy wins face-off versus Dainius Zubrus in neutral zone.
13:47 of 3rd period - Wrist shot by Jussi Jokinen.
13:47 of 3rd period - Goal by Jussi Jokinen - Jets : 5 - Bruins : 3.
13:48 of 3rd period - Benoit Pouliot wins face-off versus Sydney Crosby in neutral zone.
13:51 of 3rd period - Slapshot by Michal Rozsival.
13:51 of 3rd period - Shot Blocked by Andrew Alberts.
13:53 of 3rd period - Snap shot by Benoit Pouliot.
13:53 of 3rd period - Stopped by Evgeni Nabokov without a rebound.
13:54 of 3rd period - Derek Roy wins face-off versus Sydney Crosby in Bruins zone.
14:17 of 3rd period - Minor Penalty to Sydney Crosby for Hooking.
14:18 of 3rd period - Wojtek Wolski wins face-off versus Derek Roy in Bruins zone.
16:17 of 3rd period - Penalty to Sydney Crosby is over, Sydney Crosby is back on ice.
16:48 of 3rd period - Tuomo Ruutu is hit by Wojtek Wolski and loses puck.
16:55 of 3rd period - Vitali Yachmenev is hit by Eric Fehr and loses puck.
17:22 of 3rd period - Colin White is hit by Andrei Markov and loses puck.
17:43 of 3rd period - Minor Penalty to Viktor Stalberg for Holding.
17:44 of 3rd period - Derek Roy wins face-off versus Wojtek Wolski in Bruins zone.
18:31 of 3rd period - Icing by Niklas Hjalmarsson.
18:32 of 3rd period - Derek Roy wins face-off versus Eric Lindros in Jets zone.
19:43 of 3rd period - Penalty to Viktor Stalberg is over, Viktor Stalberg is back on ice.
Goals for this period are 3 for Jets vs 2 for Bruins.
Shots for this period are 9 for Jets vs 7 for Bruins.
Output by the SimonT Hockey Simulator (STHS) for François Prévost -- Original Page W3C XHTML 1.0 Valid